 Dungeon Crawl Stone Soup version 0.22-a0-533-g4d20840 (webtiles) character file.

3264 Mgcat the Cleaver (level 10, 0/70 HPs)
             Began as a Formicid Monk on June 22, 2018.
             Was an Elder of Makhleb.
             Killed from afar by an electric eel (6 damage)
             ... with a bolt of electricity
             ... on level 9 of the Dungeon.
             The game lasted 00:20:57 (8200 turns).

Mgcat the Cleaver (Formicid Monk)                   Turns: 8200, Time: 00:20:57

Health: 0/70       AC:  9    Str: 24    XL:     10   Next: 19%
Magic:  10/10      EV: 11    Int:  9    God:    Makhleb [****..]
Gold:   515        SH:  0    Dex: 17    Spells: 9/9 levels left

rFire    . . .     SeeInvis +   x - +0 war axe
rCold    . . .     Gourm    .   (no shield)
rNeg     . . .     Faith    .   t - +0 scale mail
rPois    .         Spirit   .   (helmet unavailable)
rElec    .         Reflect  .   h - +0 cloak
rCorr    .         Harm     .   w - +0 pair of gloves
MR       +....     Clarity  +   m - +0 pair of boots {Fly}
Stlth    +.........             (no amulet)
HPRegen  0.21/turn              e - +4 ring of dexterity
MPRegen  0.12/turn              j - +2 ring of strength

@: lethally poisoned (0 -> -5), flying
A: permanent stasis, dig shafts and tunnels, four strong arms, antennae 3,
clarity, strong 1, subdued magic 1
a: Dig, Shaft Self, Minor Destruction, Lesser Servant of Makhleb, Major
Destruction, Renounce Religion, Stop Flying


You were on level 9 of the Dungeon.
You worshipped Makhleb.
Makhleb was greatly pleased with you.
You were not hungry.

You visited 1 branch of the dungeon, and saw 9 of its levels.

You collected 515 gold pieces.

Inventory:

Hand Weapons
 x - a +0 war axe (weapon)
   (You found it on level 6 of the Dungeon)
Missiles
 s - 5 steel tomahawks (quivered)
Armour
 h - a +0 cloak (worn)
   (You found it on level 1 of the Dungeon)
 m - a +0 pair of boots of flying (worn)
   (You found it on level 6 of the Dungeon)
 t - a +0 scale mail (worn)
   (You found it on level 6 of the Dungeon)
 w - a +0 pair of gloves (worn)
   (You found it on level 4 of the Dungeon)
Jewellery
 e - a +4 ring of dexterity (left hand)
   (You found it on level 5 of the Dungeon)
 f - an uncursed ring of wizardry {Wiz+, !d}
   (You took it off a hobgoblin on level 2 of the Dungeon)
 j - a +2 ring of strength (right hand)
   (You found it on level 7 of the Dungeon)
 k - a +3 ring of intelligence
   (You found it on level 2 of the Dungeon)
Wands
 q - a wand of acid (7)
   (You found it on level 4 of the Dungeon)
 u - a wand of flame (44)
   (You took it off Ijyb on level 5 of the Dungeon)
 E - a wand of enslavement (6)
   (You found it on level 7 of the Dungeon)
Scrolls
 a - a scroll of immolation {!r}
 i - 2 scrolls of enchant armour {unknown}
 l - 3 scrolls of amnesia
 p - 5 scrolls of remove curse
 v - a scroll of magic mapping {!r}
 y - a scroll of fog
 z - a scroll of enchant weapon {unknown}
 A - a scroll of torment {unknown}
 D - 2 scrolls of identify
Potions
 b - a potion of cancellation {unknown}
 d - a potion of lignification {unknown}
 g - 3 potions of curing
 n - a potion of brilliance
 o - a potion of flight
 r - 2 potions of heal wounds {unknown}
 B - 3 potions of degeneration {unknown}
 C - a potion of mutation {!q}
Comestibles
 c - 25 rations
 F - 3 chunks of flesh {@w0}


   Skills:
 - Level 3.2 Fighting
 + Level 13.5 Axes
 - Level 2.6 Dodging
 - Level 2.4 Stealth


You had 9 spell levels left.
You didn't know any spells.
Your spell library was empty.

Dungeon Overview and Level Annotations

Branches:
Dungeon (9/15)             Temple (0/1) D:5
   Lair: D:8-11         Orc: D:9-12

Altars:
Gozag
Makhleb
Nemelex Xobeh
Okawaru
Wu Jian

Annotations:
D:5 exclusion: jelly, Eustachio


Innate Abilities, Weirdness & Mutations

You cannot be hasted, slowed, berserked, paralysed or teleported.
You can dig through walls and to a lower floor.
Your four strong arms can wield two-handed weapons with a shield.
You have a pair of large antennae on your head. (SInv)
You possess an exceptional clarity of mind.
Your muscles are strong. (Str +2)
Your spells are a little easier to cast, but a little less powerful.


Message History

Where to? (? - help)
What level of the Dungeon? (default 1, ? - help)
Things that are here:
a dagger; a robe
There is a stone staircase leading down here.
You fly downwards.
An iguana and 2 electric eels come into view.
The iguana hisses angrily.
There is a stone staircase leading up here.
You closely miss the iguana. You barely miss the iguana.
The iguana bites you but does no damage.
You hit the iguana.
The iguana is moderately wounded.
The iguana bites you but does no damage.
You hit the iguana.
The iguana is severely wounded.
The electric eel shoots out a bolt of lightning at you!
The bolt of electricity hits the electric eel.
The electric eel completely resists.
The bolt of electricity hits you!
The iguana bites you but does no damage.
The electric eel shoots out a bolt of lightning at you!
The bolt of electricity hits you!
An electric eel comes into view.
A killer bee comes into view.
The iguana bites you!
You closely miss the electric eel. You barely miss the iguana.
The killer bee buzzes angrily.
You hear an angry buzzing noise. x3
The electric eel shoots out a bolt of lightning at you!
The bolt of electricity hits the electric eel.
The electric eel completely resists.
The bolt of electricity hits you!
The electric eel shoots out a bolt of lightning at you!
The bolt of electricity misses you.
The iguana bites you but does no damage.
You hit the electric eel.
The electric eel is moderately wounded.
You barely miss the iguana.
The electric eel shoots out a bolt of lightning at you!
The bolt of electricity hits the electric eel.
The electric eel completely resists.
The bolt of electricity hits you!
The electric eel shoots out a bolt of lightning at you!
The bolt of electricity hits the electric eel.
The electric eel completely resists.
The bolt of electricity hits you! The iguana barely misses you.
The electric eel shoots out a bolt of lightning at you!
The bolt of electricity hits the electric eel.
The electric eel completely resists.
The bolt of electricity hits you!
* * * LOW HITPOINT WARNING * * *
The iguana bites you but does no damage.
There is a stone staircase leading up here.
The iguana barely misses you.
You fly upwards.
There is a stone staircase leading down here.
You are too injured to fight recklessly!
You are too injured to fight recklessly!
You slice the iguana!!
You kill the iguana!
Makhleb accepts your kill.
You feel better.
You see here an iguana corpse.
You butcher the iguana corpse.
F - 9 chunks of flesh {@w0} (gained 3)
You see here an iguana skeleton.
You start resting.
Some of the chunks of flesh in your inventory have rotted away. x2
HP restored.
You start resting.
HP restored.
There is a stone staircase leading down here.
You fly downwards.
A hound comes into view.
The killer bee barely misses you. The killer bee stings you!
You are poisoned.
The killer bee poisons you!
An electric eel comes into view.
The killer bee closely misses you.
The electric eel shoots out a bolt of lightning at you!
The bolt of electricity hits you!
The electric eel shoots out a bolt of lightning at you!
The bolt of electricity misses the killer bee.
The bolt of electricity hits you! x2
A killer bee comes into view.
The electric eel shoots out a bolt of lightning at you!
The bolt of electricity hits the electric eel.
The electric eel completely resists.
The bolt of electricity hits you!
* * * LOW HITPOINT WARNING * * *
You hear an angry buzzing noise.
There is a stone staircase leading up here.
Evoke which item? (* to show all) (? for menu, Esc to quit)
Okay, then.
Unknown command.
You feel sick. The killer bee stings you!
* * * LOW HITPOINT WARNING * * *
The killer bee barely misses you.
The electric eel shoots out a bolt of lightning at you!
The bolt of electricity hits you!
* * * LOW HITPOINT WARNING * * *
The electric eel shoots out a bolt of lightning at you!
The bolt of electricity hits the killer bee.
The bolt of electricity hits you!
You die...

# #####.##≈
≈≈.#≈##@.h...≈≈
≈≈.≈≈;y.....##≈
y≈≈≈≈≈;######
≈≈≈≈≈≈≈ ≈≈≈≈≈≈≈
≈≈≈;≈≈≈ ≈≈≈≈≈≈y
≈≈≈≈;≈≈ ≈≈≈≈≈≈≈


You could see a hound, 3 killer bees and 4 electric eels.

Vanquished Creatures
  Pikel (D:5)
  2 hippogriffs
  A steam dragon (D:8)
  2 ice beasts
  2 ogres
  An orc warrior (D:8)
  A centaur (D:5)
  A big kobold (D:8)
  A crocodile (D:7)
  Blork the orc (D:4)
  A wyvern zombie (D:6)
  A wyvern skeleton (D:8)
  A scorpion (D:8)
  A howler monkey (D:4)
  An orc priest (D:8)
  5 hounds
  A jelly (D:8)
  4 orc wizards
  Ijyb (D:5)
  2 iguanas
  5 worker ants
  A hound zombie (D:6)
  A hound skeleton (D:7)
  10 adders
  2 river rats (D:5)
  2 shadow imps (D:6)
  2 oozes (D:3)
  An adder skeleton (D:6)
  2 dart slugs (D:3)
  A worm (D:2)
  2 leopard geckos
  18 orcs
  5 giant cockroaches
  12 goblins
  8 hobgoblins
  3 jackals (D:2)
  9 kobolds
  4 quokkas
  3 ball pythons
  6 bats
  8 frilled lizards
  A leopard gecko skeleton (D:4)
  A quokka skeleton (D:7)
  8 rats
146 creatures vanquished.

Vanquished Creatures (collateral kills)
  A two-headed ogre (D:7)
  Menkaure (D:7)
  An adder (D:7)
3 creatures vanquished.

Vanquished Creatures (others)
  A jelly (D:5)
  A shadow imp (D:5)
  A ball python (D:5)
3 creatures vanquished.

Grand Total: 152 creatures vanquished

Notes
Turn   | Place    | Note
-------+----------+-------------------------------------------
     0 | D:1      | Mgcat the Formicid Monk began the quest for the Orb.
     0 | D:1      | Reached XP level 1. HP: 18/18 MP: 1/1
    59 | D:1      | HP: 2/18 [hobgoblin/club (5)]
    64 | D:1      | Reached XP level 2. HP: 3/24 MP: 2/2
   464 | D:1      | Reached skill level 4 in Axes
   464 | D:1      | Reached XP level 3. HP: 19/29 MP: 3/3
  1323 | D:2      | Reached XP level 4. HP: 31/35 MP: 4/4
  1325 | D:2      | Found a sparkling altar of Nemelex Xobeh.
  1446 | D:2      | Found a burning altar of Makhleb.
  1468 | D:2      | Became a worshipper of Makhleb the Destroyer
  1468 | D:2      | Reached * piety under Makhleb
  1468 | D:2      | Reached ** piety under Makhleb
  1583 | D:2      | Reached skill level 5 in Axes
  2143 | D:3      | Reached XP level 5. HP: 41/41 MP: 5/5
  2350 | D:3      | Found an opulent altar of Gozag.
  2960 | D:4      | Reached skill level 6 in Axes
  2960 | D:4      | Reached XP level 6. HP: 23/47 MP: 6/6
  3519 | D:4      | Reached skill level 7 in Axes
  3538 | D:4      | Noticed Blork the orc
  3551 | D:4      | Killed Blork the orc
  3551 | D:4      | Reached XP level 7. HP: 20/52 MP: 7/7
  3880 | D:5      | Entered Level 5 of the Dungeon
  3881 | D:5      | Noticed Pikel
  3937 | D:5      | HP: 13/52 [Pikel/whip of flaming (1)]
  3942 | D:5      | HP: 12/52 [Pikel/whip of flaming (2)]
  3943 | D:5      | HP: 4/52 [Pikel/whip of flaming (2)]
  3953 | D:5      | Killed Pikel
  3953 | D:5      | Reached skill level 9 in Axes
  3953 | D:5      | Reached XP level 8. HP: 30/58 MP: 8/8
  4142 | D:5      | Reached *** piety under Makhleb
  4232 | D:5      | Found a staircase to the Ecumenical Temple.
  4421 | D:5      | Noticed Eustachio
  4535 | D:5      | Noticed Ijyb
  4549 | D:5      | Killed Ijyb
  4956 | D:6      | Noticed a hippogriff
  4961 | D:6      | Reached skill level 10 in Axes
  4980 | D:6      | Killed a hippogriff
  5025 | D:6      | Found an iron altar of Okawaru.
  5453 | D:6      | Reached XP level 9. HP: 64/64 MP: 9/9
  5549 | D:6      | Reached skill level 11 in Axes
  6037 | D:7      | Noticed a hippogriff
  6046 | D:7      | Killed a hippogriff
  6427 | D:7      | Reached **** piety under Makhleb
  6565 | D:7      | Noticed a two-headed ogre
  6573 | D:7      | HP: 13/64 [two-headed ogre/giant club (7)]
  6585 | D:7      | HP: 2/64 [two-headed ogre/giant club (14)]
  6587 | D:7      | Killed a two-headed ogre
  6587 | D:7      | Reached skill level 12 in Axes
  6920 | D:7      | Noticed Menkaure
  6934 | D:7      | Killed Menkaure
  7229 | D:8      | Reached XP level 10. HP: 49/70 MP: 10/10
  7309 | D:8      | Reached skill level 13 in Axes
  7444 | D:8      | Gained mutation: Your muscles are strong. (Str +2) [potion of mutation]
  7444 | D:8      | Gained mutation: Your spells are a little easier to cast, but a little less powerful. [potion of mutation]
  7444 | D:8      | Gained mutation: You possess an exceptional clarity of mind. [potion of mutation]
  7873 | D:8      | Found an ornate altar of the Wu Jian Council.
  8199 | D:9      | HP: 17/70 [electric eel/bolt of electricity (11)]
  8200 | D:9      | HP: 6/70 [electric eel/bolt of electricity (3)]
  8200 | D:9      | Killed from afar by an electric eel

Vault maps used:
D:1:      giann_forest_graveyard
D:2:      marbit_many_paths, nemelex_xobeh_ov_fountains_minmay
D:3:      nicolae_gozag_seed_capital
D:4:      uniq_blork_the_orc
D:5:      minmay_temple_entry_grid, first_ration, portal_sewer_entry_e,
          uniq_ijyb, uniq_pikel, uniq_eustachio
D:6:      cheibrodos_quashed, okawaru_metal_pillars_3, kennysheep_minor_cross
D:7:      uniq_menkaure
D:8:      nicolae_overflow_hidden_temple, kennysheep_mini, blue_anna_alchemist
D:9:      hiddenorc1_lemuel, serial_shops, nicolae_shop_behind_doors

Skill      XL: |  1  2  3  4  5  6  7  8  9 10 |
---------------+-------------------------------+-----
Axes           | 4 5 6 7 9 10 12 13 | 13.5
Fighting       | |  3.2
Dodging        | |  2.6
Stealth        | |  2.4

Action                   |  1- 3 |  4- 6 |  7- 9 | 10-12 || total
-------------------------+-------+-------+-------+-------++-------
Melee: Hand axe          |   101 |   252 |   177 |       ||   530
       War axe           |       |       |   113 |    68 ||   181
Throw: Tomahawk          |       |       |    23 |       ||    23
Invok: Lesser Servant of |       |       |     3 |       ||     3
Evoke: Wand              |       |       |     2 |     3 ||     5
  Use: Scroll            |     4 |     9 |     2 |       ||    15
       Potion            |       |     1 |     8 |     1 ||    10
 Stab: Sleeping          |     6 |     2 |       |       ||     8
       Invisible         |       |       |     6 |       ||     6
  Eat: Chunk             |     1 |     8 |    10 |       ||    19
       Ration            |       |       |       |     2 ||     2
Armor: Robe              |    22 |       |       |       ||    22
       Ring mail         |     2 |    79 |    60 |       ||   141
       Scale mail        |       |       |    41 |    21 ||    62
Dodge: Dodged            |    76 |   122 |   146 |    31 ||   375

Table legend:
 A = Spawn XP
 B = Non-spawn XP
 C = Spawn XP percentage of total XP
 D = Spawn monster count
 E = Non-spawn monster count
 F = Spawn count percentage of total count
 G = Total turns spent on level
                    A         B        C        D         E        F      G
               +---------+---------+-------+---------+---------+-------+---------
         Total |       0 |    4664 |   0.0 |       0 |     149 |   0.0 |  8200
               +---------+---------+-------+---------+---------+-------+---------
           D:1 |       0 |      45 |   0.0 |       0 |      27 |   0.0 |  1103
           D:2 |       0 |      75 |   0.0 |       0 |      22 |   0.0 |   930
           D:3 |       0 |     107 |   0.0 |       0 |      25 |   0.0 |   862
           D:4 |       0 |     310 |   0.0 |       0 |      12 |   0.0 |   995
           D:5 |       0 |     943 |   0.0 |       0 |      20 |   0.0 |  1036
           D:6 |       0 |     772 |   0.0 |       0 |      15 |   0.0 |   984
           D:7 |       0 |    1445 |   0.0 |       0 |      11 |   0.0 |  1212
           D:8 |       0 |     967 |   0.0 |       0 |      17 |   0.0 |  1067
               +---------+---------+-------+---------+---------+-------+---------

Vault maps used:
D:1:      giann_forest_graveyard
D:2:      marbit_many_paths, nemelex_xobeh_ov_fountains_minmay
D:3:      nicolae_gozag_seed_capital
D:4:      uniq_blork_the_orc
D:5:      minmay_temple_entry_grid, first_ration, portal_sewer_entry_e,
          uniq_ijyb, uniq_pikel, uniq_eustachio
D:6:      cheibrodos_quashed, okawaru_metal_pillars_3, kennysheep_minor_cross
D:7:      uniq_menkaure
D:8:      nicolae_overflow_hidden_temple, kennysheep_mini, blue_anna_alchemist
D:9:      hiddenorc1_lemuel, serial_shops, nicolae_shop_behind_doors

Table legend:
 A = Turns spent in this place as a percentage of turns spent in the entire game.
 B = Non-inter-level travel turns spent in this place as a percentage of non-inter-level travel turns spent in the entire game.
 C = Inter-level travel turns spent in this place as a percentage of turns spent in this place.
 D = Turns resting spent in this place as a percentage of non-inter-level travel turns spent in this place.
 E = Turns spent auto-exploring this place as a percentage of non-inter-level travel turns spent in this place.
 F = Non-inter-level travel turns spent in this place divided by the number of levels of this place that you've seen.
                   A       B       C       D       E      F
               +-------+-------+-------+-------+-------+----------------------
         Total | 100.0 | 100.0 |   4.9 |   2.9 |  78.2 | 866.9
       Dungeon | 100.0 | 100.0 |   4.9 |   2.9 |  78.2 | 866.9
               +-------+-------+-------+-------+-------+----------------------

Table legend:
 A = Kills in this place as a percentage of kills in entire the game.
 B = Kills by you in this place as a percentage of kills by you in the entire game.
 C = Kills by friends in this place as a percentage of kills by friends in the entire game.
 D = Other kills in this place as a percentage of other kills in the entire game.
 E = Experience gained in this place as a percentage of experience gained in the entire game.
 F = Experience gained in this place divided by the number of levels of this place that you have seen.
                   A       B       C       D       E      F
               +-------+-------+-------+-------+-------+----------------------
         Total | 100.0 | 100.0 | 100.0 |   N/A | 100.0 | 518.2
       Dungeon | 100.0 | 100.0 | 100.0 |   N/A | 100.0 | 518.2
               +-------+-------+-------+-------+-------+----------------------
